 Dungeon Crawl Stone Soup version 0.31-a0-934-gf4fcaacff8 (webtiles) character file.

Game seed: 4890710790050563793

56277 Morbidden the Mimic (level 14, -9/137 HPs)
             Began as a Troll Shapeshifter on Oct 20, 2023.
             Was the Champion of Cheibriados.
             Mangled by a vault guard
             ... wielding a +0 battleaxe
              (10 damage)
             ... while petrified by a basilisk
             ... on level 13 of the Dungeon.
             The game lasted 00:24:00 (14732 turns).

Morbidden the Mimic (Troll Shapeshifter)           Turns: 14732, Time: 00:24:00

Health: -9/137     AC:  9    Str: 44    XL:     14   Next: 41%
Magic:  0/17       EV:  1    Int: 21    God:    Cheibriados [******]
Gold:   1881       SH:  0    Dex: 24    Spells: 22/22 levels left

rFire   + + +        a - +7 great mace "Firestarter" {flame, immolate, rFlCloud rF++}
rCold   . . .        (shield currently unavailable)
rNeg    + + +        w - +1 robe of Lightning Storm {-Tele Regen+ Archmagi} rPois āˆž
                     (helmet restricted)
rElec   .            F - scarf of the Gazing Gods {harm, rF+ Regen+ rCorr}
rCorr   +            (gloves unavailable)
SInv    .            (boots unavailable)
Will    +....        R - amulet of guardian spirit
Stlth   +++          h - +4 ring of protection
HPRegen 2.82/turn    n - +5 ring of evasion
MPRegen 0.15/turn

%: no teleportation, harm (+30% outgoing, +20% incoming), guardian spirit,
archmagi
@: petrified, studying Ice Magic, very slow
A: large, unfitting armour, claws 3, regeneration 1, shaggy fur 1, tough skin 1,
low MP 1
a: Renounce Religion, Bend Time, Temporal Distortion, Slouch, Step From Time


You were on level 13 of the Dungeon.
You worshipped Cheibriados.
Cheibriados was exalted by your worship.
You visited 3 branches of the dungeon, and saw 19 of its levels.
You also visited: Ossuary, Gauntlet and Volcano.

You collected 2012 gold pieces.
You spent 131 gold pieces at shops.

Inventory:

Hand Weapons
 a - the +7 great mace "Firestarter" (weapon) {flame, immolate, rFlCloud rF++}
   (You found it on level 10 of the Dungeon)

   rFlCloud:  It grants immunity to clouds of flame.
   rF++:      It greatly protects you from fire.
Missiles
 e - 80 stones (quivered)
 k - 9 boomerangs
 l - 18 poisoned darts
 E - 9 javelins
 Q - 12 large rocks
 X - a curare-tipped dart
Armour
 w - the +1 robe of Lightning Storm (worn) {-Tele Regen+ Archmagi}
   (You bought it in a shop on level 5 of the Dungeon)

   -Tele:     It prevents most forms of teleportation.
   Regen+:    It increases your rate of health regeneration.
   Archmagi:  It increases the power of your magical spells.
 F - the scarf of the Gazing Gods (worn) {harm, rF+ Regen+ rCorr}
   (You found it on level 7 of the Dungeon)

   rF+:       It protects you from fire.
   Regen+:    It increases your rate of health regeneration.
   rCorr:     It protects you from acid and corrosion.
 J - a +0 tower shield
Jewellery
 h - a +4 ring of protection (left claw)
 n - a +5 ring of evasion (right claw)
 R - an amulet of guardian spirit (around neck)
 W - the amulet of Ciso {RegenMP Dex+2}
   (You found it in a Gauntlet)

   [amulet of magic regeneration]

   RegenMP:   It increases your rate of magic regeneration.
   Dex+2:     It affects your dexterity (+2).
 Y - a ring of wizardry
Talismans
 c - a beast talisman
 d - a flux talisman
 T - a maw talisman
Wands
 v - a wand of iceblast (22)
 A - a wand of flame (33)
 D - a wand of charming (32)
 G - a wand of digging (2)
 I - a wand of polymorph (9)
 S - a wand of light (13)
Scrolls
 g - 12 scrolls of identify
 i - 3 scrolls of enchant armour {unknown}
 j - 9 scrolls of teleportation
 p - 5 scrolls of torment
 t - a scroll of revelation
 u - 4 scrolls of enchant weapon
 y - 3 scrolls of brand weapon {unknown}
 B - a scroll of butterflies
 H - 3 scrolls of fog {unknown}
 L - 2 scrolls of blinking {unknown}
 M - 2 scrolls of noise {unknown}
 O - 2 scrolls of amnesia {unknown}
 P - 2 scrolls of vulnerability {unknown}
 V - a scroll of silence {unknown}
Potions
 b - 4 potions of lignification
 f - a potion of ambrosia
 m - 4 potions of heal wounds
 q - 7 potions of curing
 r - 4 potions of mutation
 s - 5 potions of might {unknown}
 x - a potion of cancellation {unknown}
 z - 4 potions of enlightenment {unknown}
 C - 3 potions of brilliance {unknown}
 K - 3 potions of attraction
 N - 3 potions of resistance {unknown}
 U - a potion of haste {unknown}


   Skills:
 * Level 8.8 Fighting
 + Level 9.8 Maces & Flails
 + Level 3.3 Throwing
 + Level 8.2 Dodging
 + Level 2.8 Stealth
 + Level 9.4 Unarmed Combat
 + Level 4.5 Spellcasting
 + Level 8.0 Invocations
 + Level 0.5 Evocations
 * Level 10.6 Shapeshifting


You had 22 spell levels left.
You didn't know any spells.
Your spell library contained the following spells:

 Spells                   Type           Power      Damage    Failure   Level
 Freeze                   Ice            28%        1d5       12%         1
 Cigotuvi's Dreadful Rot  Necr/Pois/Air  14%        N/A       17%         2
 Dazzling Flash           Conj/Hex       14%        N/A       34%         3
 Frozen Ramparts          Ice            14%        1d3       34%         3
 Gell's Gravitas          Tloc           7%         N/A       34%         3
 Hailstorm                Conj/Ice       7%         3d4       34%         3
 Ignite Poison            Fire/Tmut/Pois 7%         N/A       34%         3
 Teleport Other           Tloc           7%         N/A       34%         3
 Volatile Blastmotes      Fire/Tloc      14%        2d11      34%         3
 Sticky Flame             Conj/Fire      7%         2d3       75%         4
 Vhi's Electric Charge    Tloc/Air       14%        N/A       75%         4
 Arcjolt                  Conj/Air       3%         1d13      97%         5
 Freezing Cloud           Conj/Ice/Air   3%         6-21      97%         5
 Dispersal                Tloc           3%         N/A       100%        6
 Starburst                Conj/Fire      3%         6d3       100%        6
 Malign Gateway           Summ/Tloc      3%         N/A       100%        7
 Ignition                 Fire           3%         3d4       100%        8
 Maxwell's Capacitive Co  Air            3%         āˆž       100%        8
 Summon Horrible Things   Summ           3%         N/A       100%        8


Dungeon Overview and Level Annotations

Branches:
Dungeon (13/15)            Temple (1/1) D:5            Lair (5/5) D:11
  Swamp (0/4) Lair:3        Snake (0/4) Lair:2        Slime (0/5) Lair:4
    Orc (0/2) D:12        Ossuary (visited)         Volcano (visited)
Gauntlet (visited)
 Vaults: D:13-14

Altars:
Ashenzari
Cheibriados
Dithmenos
Elyvilon
Fedhas
Gozag
Hepliaklqana
Kikubaaqudgha
Makhleb
Nemelex Xobeh
Okawaru
Qazlal
Ru
Sif Muna
Trog
Uskayaw
Vehumet
Wu Jian
Xom
Yredelemnul
Zin
The Shining One

Shops:
D:4 =   D:5 [   D:9 *

Annotations:
D:3 1 runed translucent door, ongoing's ghost, amateur OgFE
D:10 2 runed translucent doors, Pascal76's ghost, novice GrGl


Innate Abilities, Weirdness & Mutations

You are too large for most types of armour.
You have claws for hands.
Your natural rate of healing is unusually fast.
You are covered in fur. (AC +1)
You have tough skin. (AC +1)
Your magical capacity is low. (-10% MP)


Message History

Unknown command.
Unknown command.
You bludgeon the tengu warrior!! You burn the tengu warrior!
You kill the tengu warrior!
Cheibriados appreciates the change of pace.
A vault guard comes into view. It is wielding a +0 battleaxe.
A cyclops comes into view.
The basilisk gazes at you.
You are slowing down.
The centaur warrior shoots an arrow.
The arrow hits you!
The centaur warrior shoots an arrow.
The arrow hits you!
* * * LOW HITPOINT WARNING * * *
The vault guard is engulfed in blazing flames.
The centaur warrior shoots an arrow.
The arrow hits you.
* * * LOW HITPOINT WARNING * * *
The vault guard completely misses you. The basilisk gazes at you.
You easily resist.
The vault guard shouts!
You have turned to stone.
The centaur warrior shoots an arrow.
The arrow hits you!!
* * * LOW HITPOINT WARNING * * *
The vault guard is engulfed in blazing flames.
The vault guard hits you from afar with a +0 bardiche.
* * * LOW HITPOINT WARNING * * *
The vault guard hits you with a +0 battleaxe!!
* * * LOW HITPOINT WARNING * * *
The centaur warrior shoots an arrow.
The arrow hits you!!
* * * LOW HITPOINT WARNING * * *
The vault guard is engulfed in blazing flames.
The vault guard hits you from afar with a +0 bardiche!
* * * LOW HITPOINT WARNING * * *
The vault guard hits you with a +0 battleaxe.
* * * LOW HITPOINT WARNING * * *
The centaur warrior shoots an arrow.
The arrow hits you!
* * * LOW HITPOINT WARNING * * *
The centaur warrior shoots an arrow.
The arrow hits you!
* * * LOW HITPOINT WARNING * * *
The vault guard hits you with a +0 battleaxe!!
You die...

#.##...## .#.....
C..... ...4C #.
...# ..c Cā˜¼###
##'# #)p.# ##...#
##l#
#.....####p@# .
.......##)()#....
.............#
###....####># ##.
##..#.....# .<
##c...##### #.#
#$.#..## ..
......(##...###
.# .......
##..).###.#


You could see 2 vault guards, a centaur warrior, 2 cyclopes, a rust devil
(summoned) and a basilisk.

Vanquished Creatures
  A balrug (Gauntlet)
  A minotaur (Gauntlet)
  4 hydras
  2 ghost crabs (Lair:3)
  3 centaur warriors
  2 boulder beetles
  2 tengu warriors
  2 two-headed ogres
  2 death yaks (Lair:5)
  2 skysharks (Lair:5)
  A goliath frog (Lair:5)
  A deep elf archer (Volcano)
  A lindwurm (Lair:5)
  8 deep elf pyromancers
  5 cyclopes
  Maurice (D:9)
  4 elephants (Lair:1)
  6 black mambas
  A torpor snail (Lair:5)
  A freezing wraith (D:10)
  2 unseen horrors
  3 rime drakes
  26 cane toads
  A yaktaur (D:10)
  An ice devil (Gauntlet)
  12 komodo dragons
  A troll (D:11)
  A hornet (D:7)
  A tyrant leech (Lair:5)
  2 polar bears
  15 blink frogs
  A spectral dream sheep (Gauntlet)
  A spectral elephant (Lair:3)
  5 slime creatures (D:12)
  A shadow (D:9)
  Sigmund (D:2)
  2 humans (D:11)
  A basilisk (D:10)
  4 wyverns
  A spectral fire crab (Lair:3)
  6 fire elementals (Volcano)
  19 yaks
  3 wraiths
  10 vampire mosquitoes
  A naga (Lair:2)
  Menkaure (D:5)
  2 acid dragons
  4 hell hounds
  7 water moccasins
  3 sky beasts
  4 orc warriors
  An ogre (D:7)
  27 wolves
  9 centaurs
  3 phantoms
  3 kobold brigands
  An elf zombie (Ossuary)
  15 bullfrogs
  A gnoll sergeant (D:12)
  7 scorpions
  6 wights
  4 killer bees (D:9)
  An electric eel (Lair:5)
  4 howler monkeys
  2 human zombies (Ossuary)
  5 hounds
  2 gnoll boudas
  3 jellies
  8 orc priests
  Jessica (D:2)
  An iguana (D:7)
  8 orc wizards
  11 hell rats
  5 mummies
  12 gnolls
  7 adders
  A shadow imp (D:6)
  5 white imps
  An adder zombie (Ossuary)
  2 worms (D:3)
  A dart slug (D:1)
  37 orcs
  8 ball pythons
  6 endoplasms
  2 hobgoblins
  4 jackals (D:3)
  8 kobolds
  2 quokkas
  3 bats (D:1)
  A frilled lizard (D:3)
  3 goblins
  2 goblin zombies (Ossuary)
  A hobgoblin zombie (Ossuary)
  2 jackal zombies (Ossuary)
  3 kobold zombies
  An orc zombie (D:4)
  6 rats
  A rat zombie (Ossuary)
439 creatures vanquished.

Vanquished Creatures (others)
  A centaur warrior (D:10)
  An orc (D:7)
2 creatures vanquished.

Grand Total: 441 creatures vanquished

Notes
Turn   | Place    | Note
-------+----------+-------------------------------------------
     0 | D:1      | Morbidden the Troll Shapeshifter began the quest for the
                  | Orb.
     0 | D:1      | Reached XP level 1. HP: 18/18 MP: 0/0
   425 | D:1      | Reached skill level 1 in Fighting
   606 | D:1      | Reached XP level 2. HP: 26/27 MP: 1/1
  1004 | D:2      | Noticed Jessica
  1008 | D:2      | Killed Jessica
  1009 | D:2      | Reached XP level 3. HP: 33/33 MP: 2/2
  1180 | D:2      | Found a hazy altar of Hepliaklqana.
  1203 | D:2      | Noticed Sigmund
  1211 | D:2      | Killed Sigmund
  1212 | D:2      | Reached skill level 4 in Shapeshifting
  1212 | D:2      | Reached XP level 4. HP: 37/41 MP: 3/3
  1212 | D:2      | Reached XP level 5. HP: 44/48 MP: 4/4
  1357 | D:2      | Found a faded altar of an unknown god.
  1680 | D:3      | Found a runed translucent door.
  1680 | D:3      | Noticed ongoing's ghost (amateur OgFE)
  2001 | D:3      | Identified the +8 quarterstaff of the Vulture {holy, rPois
                  | rC- rCorr}
  2171 | D:3      | Found an ancient bone altar of Kikubaaqudgha.
  2504 | D:4      | Reached XP level 6. HP: 55/55 MP: 6/6
  2515 | D:4      | Found Ahyl's Jewellery Emporium.
  2552 | D:4      | Found a sand-covered staircase.
  2556 | D:4      | Reached skill level 5 in Unarmed Combat
  2564 | Ossuary  | Entered an ossuary
  2580 | Ossuary  | Reached skill level 1 in Spellcasting
  2596 | Ossuary  | Reached XP level 7. HP: 64/66 MP: 7/7
  3657 | D:5      | Entered Level 5 of the Dungeon
  3734 | D:5      | Found Puutoat's Antique Armour Emporium.
  3756 | D:5      | Bought a bloodstained robe for 131 gold pieces
  3756 | D:5      | Identified the +1 robe of Lightning Storm {-Tele Regen+
                  | Archmagi} (You bought it in a shop on level 5 of the
                  | Dungeon)
  3778 | D:5      | Noticed Menkaure
  3783 | D:5      | Killed Menkaure
  3784 | D:5      | Reached skill level 5 in Shapeshifting
  3868 | D:5      | Reached XP level 8. HP: 75/75 MP: 9/9
  4088 | D:5      | Found a staircase to the Ecumenical Temple.
  4152 | D:5      | Found an opulent altar of Gozag.
  4203 | Temple   | Entered the Ecumenical Temple
  4208 | Temple   | Became a worshipper of Cheibriados the Contemplative
  4749 | D:6      | Reached * piety under Cheibriados
  4750 | D:6      | Reached skill level 1 in Invocations
  5095 | D:6      | Identified a scroll of acquirement
  5096 | D:6      | Acquired a +5 ring of evasion
  5181 | D:7      | Noticed a hornet
  5188 | D:7      | Killed a hornet
  5189 | D:7      | Reached skill level 1 in Stealth
  5189 | D:7      | Reached XP level 9. HP: 68/84 MP: 11/11
  5207 | D:7      | Reached skill level 1 in Throwing
  5269 | D:7      | Reached skill level 6 in Shapeshifting
  5281 | D:7      | Reached ** piety under Cheibriados
  5309 | D:7      | Identified the scarf of the Gazing Gods {harm, rF+ Regen+
                  | rCorr}
  5382 | D:7      | Identified the +4 mace "Owkiketz" {antimagic, Str+7}
  5939 | D:8      | Reached skill level 5 in Dodging
  5950 | D:8      | Reached XP level 10. HP: 73/94 MP: 13/13
  5958 | D:8      | Reached *** piety under Cheibriados
  6661 | D:9      | Noticed a two-headed ogre
  6666 | D:9      | Killed a two-headed ogre
  6667 | D:9      | Reached skill level 7 in Shapeshifting
  6748 | D:9      | Noticed Maurice
  6754 | D:9      | Killed Maurice
  6755 | D:9      | Reached skill level 5 in Fighting
  6776 | D:9      | Reached **** piety under Cheibriados
  6956 | D:9      | Found Buqit's General Store.
  7087 | D:10     | Entered Level 10 of the Dungeon
  7104 | D:10     | Found a radiant altar of Vehumet.
  7177 | D:10     | Found a large runed translucent door.
  7177 | D:10     | Found a large runed translucent door.
  7179 | D:10     | Noticed Pascal76's ghost (novice GrGl)
  7232 | D:10     | Noticed a centaur warrior
  7233 | D:10     | Noticed a centaur warrior
  7236 | D:10     | Killed a centaur warrior
  7239 | D:10     | Noticed a tengu warrior
  7243 | D:10     | Killed a centaur warrior
  7247 | D:10     | Killed a tengu warrior
  7275 | D:10     | Reached XP level 11. HP: 104/104 MP: 14/14
  7277 | D:10     | Found the +7 great mace "Firestarter" {flame, immolate,
                  | rFlCloud rF++}
  7694 | D:10     | Reached skill level 1 in Maces & Flails
  7694 | D:10     | Reached skill level 8 in Shapeshifting
  8349 | D:11     | Reached skill level 5 in Invocations
  8399 | D:11     | Reached ***** piety under Cheibriados
  8451 | D:11     | Found an iron altar of Okawaru.
  8479 | D:11     | Found a staircase to the Lair.
  8480 | D:11     | Noticed a boulder beetle
  8489 | D:11     | Killed a boulder beetle
  8510 | D:11     | Noticed a two-headed ogre
  8523 | D:11     | Killed a two-headed ogre
  9374 | D:12     | Noticed a deep elf pyromancer
  9380 | D:12     | Killed a deep elf pyromancer
  9381 | D:12     | Reached XP level 12. HP: 113/113 MP: 17/17
  9422 | D:12     | Found a staircase to the Orcish Mines.
  9755 | Lair:1   | Entered Level 1 of the Lair of Beasts
 10154 | Lair:1   | Reached skill level 5 in Maces & Flails
 10586 | Gauntlet | Identified the "Odghot"
 10629 | Lair:2   | Found a dark tunnel.
 10634 | Volcano  | Entered a volcano
 10649 | Volcano  | Reached ****** piety under Cheibriados
 10650 | Volcano  | Reached skill level 9 in Shapeshifting
 10789 | Lair:2   | Found a gate leading to a gauntlet.
 10796 | Lair:2   | Reached XP level 13. HP: 66/124 MP: 6/18
 10801 | Gauntlet | Entered a Gauntlet
 10801 | Gauntlet | Found a transporter.
 10801 | Gauntlet | Found a transporter.
 10863 | Gauntlet | Found a runed translucent door.
 10870 | Gauntlet | Found a transporter.
 10874 | Gauntlet | Found a transporter.
 10882 | Gauntlet | Found a transporter.
 10886 | Gauntlet | Found a transporter.
 10888 | Gauntlet | Noticed a balrug
 10895 | Gauntlet | Found a transporter.
 10910 | Gauntlet | Noticed a minotaur
 10911 | Gauntlet | Found a transporter.
 10926 | Gauntlet | Found a transporter.
 10929 | Gauntlet | Found a transporter.
 10931 | Gauntlet | Found a runed translucent gate.
 10931 | Gauntlet | Found a runed translucent gate.
 10931 | Gauntlet | Found a runed translucent gate.
 10937 | Gauntlet | Found a transporter.
 10941 | Gauntlet | Found a transporter.
 11008 | Gauntlet | Identified the +0 helmet of Liawienk {Str+3}
 11059 | Gauntlet | Killed a balrug
 11090 | Gauntlet | Identified the amulet of Ciso {RegenMP Dex+2}
 11131 | Gauntlet | Killed a minotaur
 11162 | Gauntlet | Identified the +11 spear of Light {antimagic, rC+ Str+3
                  | Int+3 SInv}
 11321 | Lair:2   | Found a staircase to the Snake Pit.
 12250 | Lair:3   | Found a staircase to the Swamp.
 12608 | Lair:4   | Found a staircase to the Slime Pits.
 13128 | Lair:5   | Entered Level 5 of the Lair of Beasts
 13186 | Lair:5   | Reached skill level 10 in Shapeshifting
 13235 | Lair:5   | Reached XP level 14. HP: 57/136 MP: 2/19
 14717 | D:13     | HP: 2/137 [centaur warrior/arrow (13)]
 14719 | D:13     | Gained mutation: Your magical capacity is low. (-10% MP)
                  | [potion of mutation]
 14732 | D:13     | HP: 6/137 [centaur warrior/arrow (5)]
 14732 | D:13     | HP: 1/137 [centaur warrior/arrow (5)]
 14732 | D:13     | Mangled by a vault guard

Illustrated notes

Levels and vault maps discovered:
D:1:      amcnicky_arrival_blooded_trapdoor, layout_loops_corners
D:2:      layout_loops_ring, basic_altar,
          hellmonk_ecumenical_altar_pennies_from_heaven,
          hangedman_abyss_or_decor_stabs, uniq_sigmund, uniq_jessica
D:3:      layout_loops_corners, mainiacjoe_overflow_brackets,
          gammafunk_ghost_grave
D:4:      layout_basic, nicolae_ossuary_entry_giza, serial_shops, shop,
          chequers_big_river
D:5:      layout_gridville, kennysheep_mini_moat,
          minmay_temple_entry_enclosed_plants, serial_shops,
          nicolae_shop_hallway_stairs, uniq_menkaure
D:6:      layout_basic, uniq_crazy_yiuf_cottage
D:7:      layout_basic, minmay_misc_feat_alley, minmay_alternating_orb
D:8:      layout_loops_ring
D:9:      layout_cave_pools, serial_shops, nicolae_shop_window_shopping,
          uniq_maurice
D:10:     minmay_tri_box, layout_long_grid, vehumet_altar_wand_db,
          ebering_ghost_disaster_area, kennysheep_cross_bottleneck,
          hangedman_decor_opposing
D:11:     layout_rooms, erik_lair_island, okawaru_humans
D:12:     layout_basic, orc_0_dummy
D:13:     layout_rooms, lightli_vaults_fourway_checkpoint
Temple:   compressed_dpeg_triangle_lava_temple
Lair:1:   layout_chaotic_city
Lair:2:   layout_misc_corridors, guppyfry_snake_entry_garden,
          gauntlet_entry_generic, enter_volcano_4, chequers_serial_rivers_room_b
Lair:3:   layout_cave_shapes, nicolae_swamp_entry_spooky
Lair:4:   layout_regular_city, slime_entry_1, infiniplex_staircase_pool
Lair:5:   minmay_lair_end_frog_pond, layout_small_grid

Skill      XL: |  1  2  3  4  5  6  7  8  9 10 11 12 13 14 |
---------------+-------------------------------------------+-----
Fighting       | 1 2 3 4 5 7 8 |  8.8
Dodging        | 2 3 5 6 7 8 |  8.2
Unarmed Combat | 4 5 6 7 8 9 |  9.4
Shapeshifting  | 4 5 6 7 8 9 10 | 10.6
Spellcasting   | 1 2 3 4 |  4.5
Invocations    | 1 3 4 5 6 7 8 |  8.0
Stealth        | 1 2 |  2.8
Throwing       | 1 2 3 |  3.3
Maces & Flails | 4 6 9 |  9.8
Evocations     | |  0.5

Action                     |  1- 3 |  4- 6 |  7- 9 | 10-12 | 13-15 || total
---------------------------+-------+-------+-------+-------+-------++-------
  Melee: Unarmed           |    37 |    94 |   279 |    82 |       ||   492
         Punch             |     1 |     2 |     6 |       |       ||     9
         Great mace        |       |       |       |   200 |   183 ||   383
         Maw               |       |       |       |     8 |     2 ||    10
  Throw: Stone             |       |     3 |     7 |       |    50 ||    60
         Dart              |       |       |     9 |    55 |     1 ||    65
         Large rock        |       |       |       |       |     2 ||     2
 Invoke: Slouch            |       |       |       |     3 |     5 ||     8
  Evoke: Wand              |       |       |       |     8 |       ||     8
    Use: Scroll            |       |     3 |     7 |     4 |     3 ||    17
         Potion            |       |     1 |       |     2 |     5 ||     8
   Stab: Invisible         |       |     4 |     1 |       |       ||     5
         Sleeping          |       |       |       |     4 |     3 ||     7
         Distracted        |       |       |       |       |     1 ||     1
 Armour: Animal skin       |    14 |       |       |       |       ||    14
         Robe              |     4 |    64 |   172 |   249 |   254 ||   743
         Skin              |       |       |       |    24 |    14 ||    38
  Dodge: Dodged            |    23 |   112 |   145 |   487 |   365 ||  1132
   Form: Flux              |       |       |     1 |       |       ||     1
                           |       |       |       |     1 |     1 ||     2
         Maw               |       |       |       |     1 |       ||     1

Table legend: (Time is in decaauts)
 A = Elapsed time spent in this place.
 B = Non-inter-level travel time spent in this place.
 C = Inter-level travel time spent in this place.
 D = Time resting spent in this place.
 E = Time spent auto-exploring this place.
 F = Levels seen in this place.
 G = Mean time per level.
                   A        B        C        D        E       F      G
               +--------+--------+--------+--------+--------+-----+--------+
         Total |  20892 |  19906 |    986 |    901 |  15503 |  22 |  949.6 |
       Dungeon |  12685 |  12024 |    661 |    409 |   9779 |  13 |  975.8 |
        Temple |     13 |     13 |      0 |      0 |      0 |   1 |   13.0 |
          Lair |   7043 |   6719 |    324 |    371 |   5312 |   5 | 1408.6 |
       Ossuary |    195 |    195 |      0 |      0 |     99 |   1 |  195.0 |
       Volcano |    241 |    241 |      0 |      0 |      0 |   1 |  241.0 |
      Gauntlet |    712 |    712 |      0 |    121 |    313 |   1 |  712.0 |
               +--------+--------+--------+--------+--------+-----+--------+

Top non-repeatable levels by time:
  Lair:5: 2119 daAuts
    D:10: 1801 daAuts
    D:12: 1440 daAuts
  Lair:1: 1429 daAuts
  Lair:4: 1402 daAuts
     D:8: 1135 daAuts
    D:11: 1102 daAuts
  Lair:3: 1074 daAuts
     D:7: 1044 daAuts
     D:5: 1042 daAuts
  Lair:2: 1017 daAuts
     D:4: 991 daAuts
     D:1: 979 daAuts
     D:3: 804 daAuts
     D:9: 733 daAuts
